 Dungeon Sprint DCSS version 0.30-a0-172-gc5509c9e31 (webtiles) character file.

Game seed: 15486541146139150382

959 hellse the Grappler (level 7, -1/76 HPs)
             Began as a Troll Transmuter on Oct 2, 2022.
             Was a Follower of Sif Muna.
             Slain by a komodo dragon (25 damage)
             ... in the Dungeon (Sprint IX: "|||||||||||||||||||||||||||||").
             The game lasted 00:01:19 (240 turns).

hellse the Grappler (Troll Transmuter)               Turns: 240, Time: 00:01:19

Health: -1/76      AC:  5    Str: 19    XL:     7   Next: 92%
Magic:  7/15       EV: 11    Int: 14    God:    Sif Muna [*.....]
Gold:   0          SH:  0    Dex: 10    Spells: 11/18 levels left

rFire   . . .      SeeInvis .      - Unarmed
rCold   . . .      Faith    .    (no shield)
rNeg    . . .      Spirit   .    a - +0 robe
rPois   .          Reflect  .    (helmet restricted)
rElec   .          Harm     .    l - +0 cloak
rCorr   .          Rampage  .    (gloves unavailable)
Will    .....      NoTele   +    (boots unavailable)
Stlth   +.........               (no amulet)
HPRegen 1.12/turn                m - +3 ring of intelligence
MPRegen 0.14/turn                n - +2 ring of evasion

@: on berserk cooldown, slowed, very slow
A: large, unfitting armour, claws 3, regeneration 1, shaggy fur 1, tough skin 1
a: Renounce Religion, Channel Magic


You were in the Dungeon.
You worshipped Sif Muna.
Sif Muna was aware of your devotion.
You visited 1 branch

Inventory:

Armour
 a - a +0 robe (worn)
 l - a +0 cloak (worn)
Jewellery
 m - a +3 ring of intelligence (left claw)
 n - a +2 ring of evasion (right claw)
Wands
 k - a wand of quicksilver (10)
Scrolls
 h - 2 scrolls of blinking
 j - 2 scrolls of amnesia
Potions
 b - a potion of lignification
 c - 5 potions of curing
 d - a potion of heal wounds
 e - a potion of haste
 f - 4 potions of magic
 i - a potion of invisibility


   Skills:
 - Level 6.5 Fighting
 - Level 1.5 Dodging
 - Level 8.4 Unarmed Combat
 + Level 6.2 Spellcasting
 + Level 7.4 Transmutations


You had 11 spell levels left.
You knew the following spells:

 Your Spells              Type           Power      Damage    Failure   Level
a - Beastly Appendage     Tmut           50%        N/A       1%          1
b - Ice Form              Ice/Tmut       14%        N/A       32%         4
c - Wereblood             Tmut           25%        N/A       1%          2

Your spell library contained the following spells:

 Spells                   Type           Power      Damage    Failure   Level
 Spider Form              Tmut/Pois      14%        N/A       10%         3


Dungeon Overview and Level Annotations

Branches:
Dungeon (1/1)

Altars:
Cheibriados
Dithmenos
Elyvilon
Fedhas
Gozag
Hepliaklqana
Kikubaaqudgha
Makhleb
Nemelex Xobeh
Okawaru
Qazlal
Ru
Sif Muna
Trog
Uskayaw
Vehumet
Wu Jian
Xom
Yredelemnul
Zin
The Shining One
Jiyva
Lugonu


Innate Abilities, Weirdness & Mutations

You are too large for most types of armour.
You have claws for hands.
Your natural rate of healing is unusually fast.
You are covered in fur. (AC +1)
You have tough skin. (AC +1)


Message History

You feel yourself slow down.
Your Spellcasting skill increases to level 6!
Your Transmutations skill increases to level 7!
Unknown command.
Unknown command.
You claw the komodo dragon! Your kick misses the komodo dragon.
The komodo dragon is lightly wounded.
The komodo dragon bites you!!
* * * LOW HITPOINT WARNING * * *
Unknown command.
Unknown command.
You feel much better.
Your horns disappear.
Your talons disappear.
The komodo dragon bites you. The komodo dragon bites you!
You barely miss the komodo dragon.
The komodo dragon is lightly wounded.
The komodo dragon bites you.
You claw the komodo dragon!
The komodo dragon is heavily wounded.
Your primal bloodlust is almost over.
The komodo dragon closely misses you.
You barely miss the komodo dragon.
The komodo dragon is heavily wounded.
The komodo dragon bites you!
* * * LOW HITPOINT WARNING * * *
You mangle the komodo dragon!!
The komodo dragon is almost dead.
The komodo dragon bites you.
* * * LOW HITPOINT WARNING * * *
The komodo dragon bites you.
* * * LOW HITPOINT WARNING * * *
You feel much better.
You howl as the wereblood boils in your veins!
The komodo dragon bites you!
* * * LOW HITPOINT WARNING * * *
You closely miss the komodo dragon.
The komodo dragon is almost dead.
Your primal bloodlust has ended.
The komodo dragon bites you!!
You die...

▓.▓
▓[▓
▓.▓
▓[▓
▓.▓
▓.▓
▓†▓
▓.▓
▓@▓
▓l▓
▓.▓
▓.▓
▓.▓
▓+▓


You could see a komodo dragon.

Vanquished Creatures
  An unseen horror (D)
  A yak (D)
  A shadow (D)
  An orc warrior (D)
  An ice beast (D)
  A gnoll sergeant (D)
  A necrophage (D)
  A howler monkey (D)
  A jelly (D)
  A bat (D)
  2 goblins (D)
  A hobgoblin (D)
  2 quokkas (D)
15 creatures vanquished.

Notes
Turn   | Place    | Note
-------+----------+-------------------------------------------
     0 | D        | hellse the Troll Transmuter began the quest for the Orb.
     0 | D        | Reached XP level 1. HP: 18/18 MP: 1/1
     7 | D        | Reached skill level 1 in Fighting
    29 | D        | Noticed a necrophage
    29 | D        | Noticed a jelly
    29 | D        | Noticed an ice beast
    29 | D        | Noticed a howler monkey
    35 | D        | Killed a necrophage
    36 | D        | Reached skill level 6 in Unarmed Combat
    36 | D        | Reached XP level 2. HP: 22/33 MP: 0/2
    36 | D        | Reached XP level 3. HP: 26/40 MP: 0/3
    37 | D        | Reached skill level 5 in Fighting
    37 | D        | Reached XP level 4. HP: 34/50 MP: 0/4
    80 | D        | Learned a level 4 spell: Ice Form
   130 | D        | Killed an ice beast
   131 | D        | Reached skill level 8 in Unarmed Combat
   131 | D        | Reached XP level 5. HP: 43/61 MP: 3/5
   157 | D        | Found a snail-covered altar of Cheibriados.
   157 | D        | Found a shadowy altar of Dithmenos.
   157 | D        | Found a white marble altar of Elyvilon.
   157 | D        | Found a blossoming altar of Fedhas.
   157 | D        | Found an opulent altar of Gozag.
   158 | D        | Found a hazy altar of Hepliaklqana.
   159 | D        | Found a viscous altar of Jiyva.
   160 | D        | Found an ancient bone altar of Kikubaaqudgha.
   161 | D        | Found a corrupted altar of Lugonu.
   162 | D        | Found a burning altar of Makhleb.
   163 | D        | Found a sparkling altar of Nemelex Xobeh.
   164 | D        | Found an iron altar of Okawaru.
   165 | D        | Found a stormy altar of Qazlal.
   166 | D        | Found a sacrificial altar of Ru.
   167 | D        | Found a shimmering blue altar of Sif Muna.
   168 | D        | Found a bloodstained altar of Trog.
   169 | D        | Found a hide-covered altar of Uskayaw.
   170 | D        | Found a radiant altar of Vehumet.
   171 | D        | Found an ornate altar of the Wu Jian Council.
   172 | D        | Found a shimmering altar of Xom.
   173 | D        | Found a basalt altar of Yredelemnul.
   174 | D        | Found a glowing silver altar of Zin.
   175 | D        | Became a worshipper of Sif Muna the Loreminder
   176 | D        | Found a glowing golden altar of the Shining One.
   213 | D        | Learned a level 2 spell: Wereblood
   215 | D        | Noticed a yak
   215 | D        | Noticed a shadow
   215 | D        | Noticed an orc warrior
   215 | D        | Noticed a komodo dragon
   218 | D        | Killed a yak
   219 | D        | Reached XP level 6. HP: 68/68 MP: 4/10
   220 | D        | Killed a shadow
   221 | D        | Reached skill level 5 in Transmutations
   221 | D        | Reached XP level 7. HP: 76/76 MP: 4/13
   225 | D        | Reached * piety under Sif Muna
   228 | D        | Reached skill level 5 in Spellcasting
   232 | D        | Killed an unseen horror
   240 | D        | Slain by a komodo dragon

Illustrated notes

Levels and vault maps discovered:
D:        linesprint [early_d, line_temple, items_1, d_10, items_2, lair_1,
          lair_end, items_3, orc_1, orc_end, items_4, d_15, swamp_1, shoals_1,
          snake_1, spider_1, d_20, vaults_1, items_5, swamp_end, shoals_end,
          snake_end, spider_end, vaults_end, d_27, items_6, zot_1, zot_end,
          crypt_end, forest_end, elf_end, slime_end, tomb_end, abyss_end,
          pan_hell_end]

Skill      XL: |  1  2  3  4  5  6  7 |
---------------+----------------------+-----
Fighting       | 4 5 6 |  6.5
Unarmed Combat | 6 8 |  8.4
Spellcasting   | 3 4 6 |  6.2
Transmutations | 4 5 7 |  7.4
Dodging        | |  1.5

Action                   |  1- 3 |  4- 6 |  7- 9 || total
-------------------------+-------+-------+-------++-------
Melee: Unarmed           |    25 |    11 |    16 ||    52
       Kick              |     1 |     4 |       ||     5
       Punch             |     1 |       |       ||     1
       Headbutt          |       |     2 |     1 ||     3
 Cast: Beastly Appendage |     1 |     2 |       ||     3
       Wereblood         |       |     1 |       ||     1
  Use: Potion            |       |     1 |     2 ||     3
Armor: Robe              |     6 |     2 |     3 ||    11
Dodge: Dodged            |    12 |     1 |     3 ||    16

Table legend: (Time is in decaauts)
 A = Elapsed time spent in this place.
 B = Non-inter-level travel time spent in this place.
 C = Inter-level travel time spent in this place.
 D = Time resting spent in this place.
 E = Time spent auto-exploring this place.
 F = Levels seen in this place.
 G = Mean time per level.
                   A        B        C        D        E       F      G
               +--------+--------+--------+--------+--------+-----+--------+
         Total |    232 |    232 |      0 |     97 |      0 |   1 |  232.0 |
       Dungeon |    232 |    232 |      0 |     97 |      0 |   1 |  232.0 |
               +--------+--------+--------+--------+--------+-----+--------+

Top non-repeatable levels by time:
       D: 232 daAuts
